Map: Eastwatch LE

Players

JTS

  • Race: Protoss Protoss
  • League: Silver
  • Spawn Location: 1:00

Infamous - Winner!

  • Race: Protoss Protoss
  • League: Silver
  • Spawn Location: 7:00

VOD

Have the link to the VOD?

Description

Time

  • Played on: April 4, 2018, 3:38 p.m.
  • Length: 9:07
Show
View Real Time Build Order
Export as new Build Order

JTS Protoss 

Build Orders:  

Get SALT Encoding   

  12  0:01  Probe (Chrono Boost)  
  13  0:11  Probe (Chrono Boost)  
  14  0:20  Pylon  
  14  0:21  Probe  
  15  0:38  Probe  
  15  0:40  Gateway  
  16  0:45  Assimilator  
  16  0:50  Probe  
  17  1:00  Gateway  
  17  1:05  Pylon  
  17  1:10  Probe (Chrono Boost)  
  18  1:20  Probe (Chrono Boost)  
  18  1:25  Probe (Chrono Boost)  
  19  1:30  Cybernetics Core  
  20  1:35  Assimilator  
  20  1:44  Pylon  
  20  1:57  Forge  
  20  2:07  Stalker x2  
  24  2:08  Warp Gate (Chrono Boost)  
  24  2:26  Probe  
  25  2:31  Photon Cannon  
  25  2:35  Shield Battery  
  25  2:38  Probe  
  26  2:57  Stalker  
  26  2:58  Stalker  
  30  3:29  Gateway  
  30  3:33  Pylon  
  30  3:40  Robotics Facility  
  30  3:43  Stargate  
  30  3:59  Probe  
  31  4:12  Pylon  
  31  4:22  Immortal  
  31  4:27  Void Ray (Chrono Boost)  
  35  4:33  Pylon  
  39  4:53  Pylon  
  39  4:57  Probe  
  40  5:07  Pylon  
  40  5:15  Nexus  
  40  5:26  Void Ray (Chrono Boost)  
  44  5:40  Stalker  
  46  5:43  Stalker  
  46  5:49  Observer  
  49  5:52  Stalker  
  51  6:03  Twilight Council  
  51  6:16  Probe (Chrono Boost)  
  52  6:27  Probe (Chrono Boost)  
  52  6:32  Pylon  
  53  6:33  Probe (Chrono Boost)  
  53  6:38  Probe (Chrono Boost)  
  56  6:48  Probe x2 (Chrono Boost), Stargate  
  56  6:52  Stargate  
  56  6:53  Probe (Chrono Boost)  
  58  7:03  Stalker  
  58  7:05  Stalker  
  62  7:10  Stalker  
  64  7:18  Void Ray (Chrono Boost)  
  44  7:39  Stalker x2  
  44  7:42  Zealot  
  42  8:02  Stalker  
  42  8:05  Stalker x2  
  32  8:36  Stalker  
  32  8:37  Stalker  
  32  8:38  Stalker  
Show
View Real Time Build Order
Export as new Build Order

Infamous Protoss - Winner!

Build Orders:  

Get SALT Encoding   

  12  0:01  Probe  
  13  0:13  Probe  
  14  0:18  Pylon  
  14  0:25  Probe  
  15  0:36  Gateway  
  15  0:38  Probe (Chrono Boost)  
  16  0:48  Probe (Chrono Boost)  
  17  0:53  Probe (Chrono Boost)  
  17  0:56  Assimilator  
  18  1:04  Probe  
  19  1:15  Pylon  
  19  1:19  Probe  
  20  1:31  Probe, Cybernetics Core  
  21  1:37  Assimilator  
  21  1:43  Probe  
  22  1:50  Zealot (Chrono Boost)  
  22  1:51  Gateway  
  24  1:55  Probe  
  25  2:06  Warp Gate (Chrono Boost)  
  25  2:07  Probe  
  26  2:16  Pylon  
  26  2:26  Probe  
  27  2:34  Robotics Facility  
  27  2:35  Sentry  
  29  2:39  Probe  
  29  2:40  Stalker  
  32  2:55  Probe  
  32  2:56  Pylon  
  32  3:05  Stalker  
  32  3:08  Probe  
  35  3:18  Twilight Council  
  35  3:23  Probe  
  35  3:24  Observer (Chrono Boost)  
  37  3:37  Gateway  
  37  3:46  Immortal  
  41  3:57  Probe  
  41  3:59  Gateway  
  42  4:04  Blink (Chrono Boost)  
  42  4:09  Probe  
  43  4:23  Stalker  
  45  4:24  Stalker  
  47  5:01  Nexus  
  47  5:04  Pylon  
  47  5:07  Pylon  
  47  5:12  Pylon  
  47  5:13  Pylon  
  47  5:22  Probe, Warp Prism  
  50  5:28  Forge  
  50  5:29  Sentry x3  
  56  5:53  Probe, Shield Battery x2  
  57  6:01  Zealot x4  
  64  6:34  Stalker  
  64  6:35  Stalker x3  
  72  6:40  Photon Cannon  
  72  6:41  Probe x2  
  74  6:53  Probe  
  75  6:59  Stalker x2  
  75  7:01  Sentry  
  55  7:48  Stalker x4  
  63  7:57  Probe x2  
  65  8:02  Nexus  
  65  8:05  Pylon  
  65  8:07  Pylon  
  65  8:09  Pylon  
  65  8:10  Robotics Bay  
  65  8:14  Stalker  
  65  8:16  Zealot  
  57  8:34  Zealot x2  
  61  8:49  Zealot x2  
  61  8:53  Probe x2  
Tags
 
Matchup
PvP
Replay Pack
Last Remnant (2)
Spawn Locations
Cross Positions
Add a new tag
Caveats
  • Supply blocks, unpowered buildings, or Contaminate may cause inaccurate times.
  • Supply counts are checked every 10 seconds.